 Dungeon Crawl Stone Soup version 0.22-a0-348-gd16d139 (webtiles) character file.

91 xccam the Covered (level 4, -3/38 HPs)
             Began as a Gnoll Wanderer on Apr 8, 2018.
             Slain by a gnoll
             ... wielding a +0 spear
              (4 damage)
             ... on level 3 of the Dungeon.
             The game lasted 00:03:57 (1413 turns).

xccam the Covered (Gnoll Wanderer)                  Turns: 1413, Time: 00:03:57

Health: -3/38      AC:  9    Str: 18    XL:     4   Next: 57%
Magic:  6/6        EV: 11    Int: 18    God:
Gold:   151        SH:  0    Dex: 13    Spells: 5/5 levels left

rFire    . . .     SeeInvis .   a - +2 dagger
rCold    . . .     Gourm    .   (no shield)
rNeg     . . .     Faith    .   c - +0 ring mail
rPois    .         Spirit   .   k - +2 helmet
rElec    .         Reflect  .   (no cloak)
rCorr    .         Harm     .   (no gloves)
MR       .....                  (no boots)
Stlth    +.........             (no amulet)
HPRegen  0.12/turn              (no ring)
MPRegen  0.10/turn              (no ring)

@: brilliant, hasted, very quick
A: distributed training, fangs 1, strong nose
a: no special abilities


You were on level 3 of the Dungeon.
You were not hungry.

You visited 1 branch of the dungeon, and saw 3 of its levels.

You collected 151 gold pieces.

Inventory:

Hand Weapons
 a - a +2 dagger (weapon)
Armour
 c - a +0 ring mail (worn)
 g - a +0 scale mail
 k - a +2 helmet (worn)
Scrolls
 h - a scroll of enchant weapon {unknown}
 i - 2 scrolls of magic mapping {unknown}
 j - 2 scrolls of remove curse {unknown}
 m - a scroll of teleportation {unknown}
 n - 3 scrolls of identify {unknown}
 q - a scroll of amnesia {unknown}
Potions
 b - a potion of haste
 d - a potion of curing
 e - a potion of heal wounds {unknown}
 l - a potion of brilliance
 o - a potion of agility {unknown}
Comestibles
 f - 5 rations


   Skills:
 + Level 4.6 Fighting
 + Level 1.1 Short Blades
 + Level 1.1 Long Blades
 + Level 4.6 Axes
 + Level 1.1 Maces & Flails
 + Level 1.1 Polearms
 + Level 1.1 Staves
 + Level 1.1 Slings
 + Level 1.1 Bows
 + Level 4.6 Crossbows
 + Level 1.1 Throwing
 + Level 4.6 Armour
 + Level 1.1 Dodging
 + Level 2.5 Stealth
 + Level 1.1 Shields
 + Level 1.1 Unarmed Combat
 + Level 1.1 Spellcasting
 + Level 0.9 Conjurations
 + Level 0.9 Hexes
 + Level 0.9 Charms
 + Level 0.9 Summonings
 + Level 0.9 Necromancy
 + Level 0.9 Translocations
 + Level 0.9 Transmutations
 + Level 0.9 Fire Magic
 + Level 0.9 Ice Magic
 + Level 0.9 Air Magic
 + Level 0.9 Earth Magic
 + Level 0.9 Poison Magic
 + Level 1.2 Invocations
 + Level 2.7 Evocations


You had 5 spell levels left.
You didn't know any spells.

Dungeon Overview and Level Annotations

Branches:
Dungeon (3/15)

Altars:


Innate Abilities, Weirdness & Mutations

Your experience applies equally to all skills.
You have very sharp teeth.
Your uncanny sense of smell can sniff out nearby items.


Message History

Unknown command.
You feel yourself speed up. The gnoll barely misses you.
The gnoll hits you but does no damage.
Unknown command.
You feel better.
The gnoll hits you from afar with a spear.
The gnoll hits you but does no damage.
You tear a large gash into the net.
The gnoll hits you from afar with a spear.
* * * LOW HITPOINT WARNING * * *
You rip the net and break free!
The gnoll barely misses you.
The gnoll hits you from afar with a spear.
* * * LOW HITPOINT WARNING * * *
The gnoll hits you with a spear.
* * * LOW HITPOINT WARNING * * *
Unknown command.
It was a potion of brilliance.
You feel clever all of a sudden.
The gnoll hits you from afar with a spear.
You die...

. .. .. ∆ ......
#... ∆ ####.####
#........ #g##.#
..####@##.#
#.....gg.#
##.##.##.#### #
...##....#########
#.#####.##.........#
#. #.##########.# ..
#.# #)# # #.# #.#
#.# #.#


You could see 3 gnolls.

Vanquished Creatures
  4 adders
  An ooze (D:1)
  A dart slug (D:1)
  2 ball pythons (D:1)
  2 giant cockroaches (D:1)
  4 goblins
  5 hobgoblins
  9 jackals
  3 kobolds
  A quokka (D:2)
  6 bats
  A frilled lizard (D:1)
  2 rats (D:1)
41 creatures vanquished.

Notes
Turn   | Place    | Note
-------+----------+-------------------------------------------
     0 | D:1      | xccam the Gnoll Wanderer began the quest for the Orb.
     0 | D:1      | xccam set off with: a +2 dagger, a potion of haste, a +0 ring mail, a potion of curing, a ration
     0 | D:1      | Reached XP level 1. HP: 20/20 MP: 2/2
   273 | D:1      | Reached XP level 2. HP: 26/26 MP: 3/3
   422 | D:1      | Reached XP level 3. HP: 26/31 MP: 4/4
   762 | D:2      | Reached skill level 1 in Invocations
   836 | D:2      | Reached skill level 1 in Short Blades
   836 | D:2      | Reached skill level 1 in Long Blades
   836 | D:2      | Reached skill level 1 in Maces & Flails
   836 | D:2      | Reached skill level 1 in Polearms
   836 | D:2      | Reached skill level 1 in Staves
   836 | D:2      | Reached skill level 1 in Slings
   836 | D:2      | Reached skill level 1 in Bows
   836 | D:2      | Reached skill level 1 in Throwing
   836 | D:2      | Reached skill level 1 in Dodging
   836 | D:2      | Reached skill level 1 in Shields
   836 | D:2      | Reached skill level 1 in Unarmed Combat
   836 | D:2      | Reached skill level 1 in Spellcasting
   838 | D:2      | Reached XP level 4. HP: 38/38 MP: 4/6
  1412 | D:3      | HP: 1/38 [gnoll/spear (3)]
  1413 | D:3      | Slain by a gnoll

Vault maps used:
D:1:      eino_arrival_cavern_d, minmay_split_cup_large
D:2:      serial_bayou_pond_a
D:3:      gup_sewer_entry_bubbles

Skill      XL: |  1  2  3 |
---------------+----------+-----
Invocations    | 1 |  1.2
Short Blades   | 1 |  1.1
Long Blades    | 1 |  1.1
Maces & Flails | 1 |  1.1
Polearms       | 1 |  1.1
Staves         | 1 |  1.1
Slings         | 1 |  1.1
Bows           | 1 |  1.1
Throwing       | 1 |  1.1
Dodging        | 1 |  1.1
Shields        | 1 |  1.1
Unarmed Combat | 1 |  1.1
Spellcasting   | 1 |  1.1
Fighting       | |  4.6
Axes           | |  4.6
Crossbows      | |  4.6
Armour         | |  4.6
Stealth        | |  2.5
Conjurations   | |  0.9
Hexes          | |  0.9
Charms         | |  0.9
Summonings     | |  0.9
Necromancy     | |  0.9
Translocations | |  0.9
Transmutations | |  0.9
Fire Magic     | |  0.9
Ice Magic      | |  0.9
Air Magic      | |  0.9
Earth Magic    | |  0.9
Poison Magic   | |  0.9
Evocations     | |  2.7

Action                   |  1- 3 |  4- 6 || total
-------------------------+-------+-------++-------
Melee: Dagger            |   147 |    56 ||   203
       Bite              |    15 |     1 ||    16
       Punch             |       |     1 ||     1
  Use: Potion            |       |     3 ||     3
 Stab: Sleeping          |     1 |       ||     1
  Eat: Chunk             |       |     2 ||     2
Armor: Ring mail         |   101 |    28 ||   129
Dodge: Dodged            |   102 |    37 ||   139

Table legend:
 A = Spawn XP
 B = Non-spawn XP
 C = Spawn XP percentage of total XP
 D = Spawn monster count
 E = Non-spawn monster count
 F = Spawn count percentage of total count
 G = Total turns spent on level
                    A         B        C        D         E        F      G
               +---------+---------+-------+---------+---------+-------+---------
         Total |       0 |     130 |   0.0 |       0 |      41 |   0.0 |  1413
               +---------+---------+-------+---------+---------+-------+---------
           D:1 |       0 |      50 |   0.0 |       0 |      24 |   0.0 |   700
           D:2 |       0 |      65 |   0.0 |       0 |      15 |   0.0 |   666
           D:3 |       0 |      15 |   0.0 |       0 |       2 |   0.0 |    47
               +---------+---------+-------+---------+---------+-------+---------
